 Dungeon Crawl Stone Soup version 0.16-a0-3074-gc0bb631 (webtiles) character file.

445 boajuse the Shield-Bearer (level 7, -2/82 HPs)
             Began as a Formicid Fighter on Dec 11, 2014.
             Slain by an ogre
             ... wielding a +0 giant spiked club
              (6 damage)
             ... on level 4 of the Dungeon.
             The game lasted 00:09:53 (2887 turns).

boajuse the Shield-Bearer (Formicid Fighter)        Turns: 2887, Time: 00:09:53

Health: -2/82      AC: 23    Str: 22    XL:     7   Next: 24%
Magic:  9/9        EV:  2    Int: 10    God:
Gold:   222        SH: 11    Dex: 11    Spells: 0 memorised, 6 levels left

rFire  . . .     SeeInvis .     a - +1 war axe
rCold  . . .     Clarity  .     b - melded +0 scale mail
rNeg   + + +     SustAb   .     c - +1 shield
rPois  +         Gourm    .     (helmet unavailable)
rElec  .         Spirit   .     (cloak currently unavailable)
rCorr  .         Warding  .     (gloves currently unavailable)
rMut   .         Stasis   +     r - melded +0 pair of boots
MR     .....                    (no amulet)
Stlth  +.........               o - +3 ring of intelligence
                                (no ring)

@: tree-form, not resistant to hostile enchantments, very unstealthy
A: permanent stasis, dig shafts and tunnels, four strong arms, (antennae 0)
a: no special abilities


You were on level 4 of the Dungeon.
You were not hungry.
You were a tree.
You visited 1 branch of the dungeon, and saw 4 of its levels.

You collected 222 gold pieces.

Inventory:

Hand weapons
 a - a +1 war axe (weapon)
 s - a +0 dire flail
Missiles
 g - 17 arrows of flame
 n - 36 bolts
 p - 7 curare-tipped needles
 u - 11 sling bullets
Armour
 b - a +0 scale mail (melded)
 c - a +1 shield (worn)
 r - a +0 pair of boots (melded)
Jewellery
 f - an uncursed ring of wizardry
 o - a +3 ring of intelligence (right branch)
Scrolls
 l - a scroll of enchant armour
 t - a scroll of recharging
Potions
 h - a potion of lignification
 q - 2 potions of berserk rage {unknown}
Comestibles
 d - 3 bread rations
 i - 10 fruits
 j - 3 meat rations
 m - a chunk of flesh


   Skills:
 * Level 4.8 Fighting
 * Level 3.6 Axes
 + Level 4.8 Armour
 + Level 2.3 Dodging
 + Level 5.2 Shields


You had 6 spell levels left.
You didn't know any spells.

Dungeon Overview and Level Annotations

Branches:
Dungeon (4/15)
 Temple: D:4-7

Altars:


Innate Abilities, Weirdness & Mutations

You are under a permanent stasis effect.
You can dig through walls and to a lower floor.
Your four strong arms can wield two-handed weapons with a shield.
((You have a pair of large antennae on your head (SInv).))


Message History

The ogre is severely wounded.
The ogre hits you with a giant spiked club!
You closely miss the ogre.
The ogre is severely wounded.
The ogre barely misses you.
Drink which item? (? for menu, Esc to quit)
You feel better. The ogre barely misses you.
You hit the ogre but do no damage.
The ogre is severely wounded.
The ogre hits you with a giant spiked club!!
* * * LOW HITPOINT WARNING * * *
Drink which item? (? for menu, Esc to quit)
You turn into a tree.
Your +0 pair of boots melds into your body.
Your +0 scale mail melds into your body.
Your roots penetrate the ground.
You hit the ogre.
The ogre is severely wounded.
The ogre hits you with a giant spiked club.
You die...

###### #....###### ####
#.........###
...######...........#
...##....##'#.......#
...##....##.#.......# #
...##....##.#.......# .######
...##....##.##+#♣O.## .......
...##>...'.......................
...##....#####.#........ ........
...##........#.###.####. ..#.....
................. .. .........
#.........#.[#+## .## ..#.....
+.........#..... .# .######
#...)....## .. . .......
..........# #######


You could see an ogre.

Vanquished Creatures
  Grinder (D:3)
  Sigmund (D:2)
  2 worker ants (D:4)
  3 gnolls (D:4)
  4 adders
  A giant mite (D:3)
  4 giant geckos
  2 ball pythons
  7 goblins
  5 hobgoblins
  6 jackals (D:1)
  7 kobolds
  A quokka (D:3)
  4 bats
  2 giant cockroaches
  6 giant newts
  11 rats
67 creatures vanquished.

Notes
Turn   | Place    | Note
--------------------------------------------------------------
     0 | D:1      | boajuse, the Formicid Fighter, began the quest for the Orb.
     0 | D:1      | Reached XP level 1. HP: 18/18 MP: 1/1
     7 | D:1      | Noticed an iguana
     7 | D:1      | Noticed a wolf
     7 | D:1      | Noticed a wyvern
    65 | D:1      | Reached XP level 2. HP: 20/24 MP: 3/3
   223 | D:1      | Reached skill level 4 in Shields
   308 | D:1      | Reached XP level 3. HP: 29/29 MP: 4/4
   915 | D:2      | Reached XP level 4. HP: 25/37 MP: 5/5
  1058 | D:2      | Reached skill level 1 in Dodging
  1110 | D:2      | Noticed Sigmund
  1254 | D:2      | Killed Sigmund
  1254 | D:2      | Reached XP level 5. HP: 20/42 MP: 7/7
  1637 | D:3      | Noticed Grinder
  1660 | D:3      | Killed Grinder
  1660 | D:3      | Reached skill level 5 in Shields
  1660 | D:3      | Reached XP level 6. HP: 33/49 MP: 8/8
  2382 | D:4      | Reached XP level 7. HP: 55/55 MP: 9/9
  2887 | D:4      | Slain by an ogre

Action                   |  1- 3 |  4- 6 |  7- 9 || total
-------------------------+-------+-------+-------++-------
Melee: War axe           |   131 |    60 |    59 ||   250
 Abil: Dig               |       |     1 |       ||     1
  Use: Scroll            |     6 |     2 |     3 ||    11
       Potion            |       |     2 |     2 ||     4
  Eat: Chunk             |       |     4 |     2 ||     6
       Pizza             |       |     1 |       ||     1
